 Dungeon Crawl Stone Soup version 0.29.1-15-g9cfb28693d (webtiles) character file.

Game seed: 8630590754758741789

74 dudediamond6 the Sneak (level 4, -2/30 HPs)
             Began as an Octopode Brigand on Feb 25, 2023.
             Killed by divine providence
             ... invoked by an orc priest
              (15 damage)
             ... on level 3 of the Dungeon.
             The game lasted 00:03:42 (2505 turns).

dudediamond6 the Sneak (Octopode Brigand)           Turns: 2505, Time: 00:03:43

Health: -2/30      AC:  1    Str: 10    XL:     4   Next: 30%
Magic:  4/4        EV: 12    Int: 13    God:
Gold:   93         SH:  0    Dex: 15    Spells: 3/3 levels left

rFire   . . .      SeeInvis .   a - +2 dagger
rCold   . . .      Faith    .   (no shield)
rNeg    . . .      Spirit   .   (helmet restricted)
rPois   .          Reflect  .   (no amulet)
rElec   .          Harm     .   (no ring)
rCorr   .          Rampage  .   (no ring)
Will    .....                   (no ring)
Stlth   ++++......              (no ring)
HPRegen 0.10/turn               (no ring)
MPRegen 0.09/turn               (no ring)
                                (no ring)
                                (no ring)

@: no status effects
A: almost no armour, amphibious, 8 rings, camouflage 1, gelatinous body 1,
(nimble swimmer 1), tentacles
a: no special abilities


You were on level 3 of the Dungeon.
You visited 1 branch of the dungeon, and saw 3 of its levels.

You collected 126 gold pieces.
You spent 33 gold pieces at shops.

Inventory:

Hand Weapons
 a - a +2 dagger (weapon)
Missiles
 b - 9 poisoned darts (quivered)
 c - 3 curare-tipped darts
Scrolls
 f - 2 scrolls of enchant armour {unknown}
 g - a scroll of magic mapping {unknown}
 h - 3 scrolls of identify {unknown}
 k - a scroll of brand weapon {unknown}
Potions
 d - 3 potions of curing
 e - 2 potions of might {unknown}
 i - a potion of mutation {unknown}
 j - a potion of brilliance {unknown}


   Skills:
 * Level 2.4 Fighting
 * Level 3.2 Short Blades
 - Level 2.0 Throwing
 - Level 1.0 Dodging
 + Level 6.5 Stealth


You had 3 spell levels left.
You didn't know any spells.
Your spell library contained the following spells:

 Spells                   Type           Power      Damage    Failure   Level
 Necrotise                Necr           0%         1d4       30%         1
 Vampiric Draining        Necr           0%         2d6       67%         3
 Agony                    Necr           0%         N/A       100%        5


Dungeon Overview and Level Annotations

Branches:
Dungeon (3/15)

Altars:
Dithmenos
Trog
The Shining One

Shops:
D:1 !


Innate Abilities, Weirdness & Mutations

You cannot wear most types of armour.
You are amphibious.
You can wear up to eight rings at the same time.
Your skin changes colour to match your surroundings (Stealth+).
Your rubbery body absorbs attacks. (AC +1, EV +1)
((You are camouflaged when in or above water. (Stealth+)))
You have tentacles for arms and can constrict up to eight enemies at once.


Message History

An orc comes into view. It is wielding a +0 dagger.
An orc is nearby!
An orc comes into view. It is wielding a +0 whip.
The orc shouts!
You hear a shout!
An orc comes into view. It is wielding a +0 dagger.
An orc wizard comes into view. It is wielding a +0 dagger.
The orc barely misses you.
The orc shouts!
You hit the orc. Your grab misses the orc. You squeeze the orc.
You kill the orc!
You hear a shout!
The orc wizard casts a spell at you. The magic dart hits you.
The orc completely misses you.
You closely miss the orc. You grab the orc.
You constrict the orc, but do no damage.
The orc barely misses you.
You hit the orc.
The orc is heavily wounded.
You constrict the orc. The orc wizard casts a spell at you.
The magic dart hits you. The orc closely misses you.
You hit the orc.
You kill the orc!
An orc priest comes into view. It is wielding a +0 dagger.
You hit the orc but do no damage. Your grab misses the orc.
You squeeze the orc.
The orc is severely wounded.
You barely miss the orc. You grab the orc.
The orc is severely wounded.
You constrict the orc, but do no damage.
The orc barely misses you.
You hit the orc but do no damage.
The orc is heavily wounded.
You constrict the orc.
The orc wizard hits you with a +0 dagger.
The orc hits you with a +0 dagger.
The orc priest calls down the wrath of Beogh upon you.
Beogh smites you!
Ouch! That really hurt!
You die...

.# .. #. .# ...##.. .#
........# #####.# #
........# #.....# .###
........#####.....#o....
.................o......
................@o#
#.............?...#
#.................#
#............####.#
.......†.....# .#
#............# .#
.............# ..
.............# ..
.............#


You could see an orc priest, an orc wizard and an orc.

Vanquished Creatures
  3 adders
  A worm (D:3)
  2 orcs (D:3)
  4 bats
  3 endoplasms
  7 goblins
  4 hobgoblins
  2 jackals (D:2)
  A quokka (D:2)
  5 ball pythons
  2 frilled lizards
  4 kobolds
  2 rats
40 creatures vanquished.

Notes
Turn   | Place    | Note
-------+----------+-------------------------------------------
     0 | D:1      | dudediamond6 the Octopode Brigand began the quest for the
                  | Orb.
     0 | D:1      | Reached XP level 1. HP: 14/14 MP: 1/1
   473 | D:1      | Reached XP level 2. HP: 19/19 MP: 2/2
   876 | D:1      | Found Yfojiak's Distillery.
   879 | D:1      | Bought a potion of curing for 33 gold pieces
  1279 | D:2      | Reached skill level 6 in Stealth
  1577 | D:2      | Found a glowing golden altar of the Shining One.
  1606 | D:2      | Reached XP level 3. HP: 24/24 MP: 3/3
  2196 | D:3      | Found a bloodstained altar of Trog.
  2209 | D:3      | Found a shadowy altar of Dithmenos.
  2316 | D:3      | Reached XP level 4. HP: 26/30 MP: 4/4
  2505 | D:3      | Killed from afar by an orc priest

Illustrated notes

Levels and vault maps discovered:
D:1:      scummos_arrival_gate, layout_basic, serial_shops,
          nicolae_shop_behind_doors, roderic_roman_lattice
D:2:      layout_rooms, basic_altar, nicolae_underground_beach
D:3:      layout_basic, mainiacjoe_overflow_large_starburst, serial_shops,
          shop_fountains, kennysheep_generic_room_4

Skill      XL: |  1  2  3 |
---------------+----------+-----
Stealth        | 6 |  6.5
Short Blades   | 3 |  3.2
Fighting       | |  2.4
Throwing       | |  2.0
Dodging        | |  1.0

Action                   |  1- 3 |  4- 6 || total
-------------------------+-------+-------++-------
Melee: Dagger            |    59 |    17 ||    76
       Tentacles         |     7 |     5 ||    12
       Constrict         |    13 |     4 ||    17
 Stab: Sleeping          |    15 |       ||    15
Armor: Skin              |     4 |     1 ||     5
Dodge: Dodged            |    42 |     9 ||    51
